 Dungeon Crawl Stone Soup version 0.20.0-8-g6b59dc7 (webtiles) character file.

6393 MDvedh the Severer (level 10, -1/81 HPs)
             Began as a Minotaur Summoner on June 1, 2017.
             Was a High Priest of Qazlal.
             Slain by a two-headed ogre
             ... wielding a +0 giant spiked club
              (7 damage)
             ... on level 10 of the Dungeon.
             The game lasted 00:12:05 (8932 turns).

MDvedh the Severer (Minotaur Summoner)              Turns: 8932, Time: 00:12:06

Health: -1/81      AC: 23    Str: 19    XL:     10   Next: 66%
Magic:  0/11       EV: 10    Int: 12    God:    Qazlal [*****.]
Gold:   194        SH:  6    Dex: 10    Spells: 10/11 levels left

rFire    . . .     SeeInvis .   e - +12 war axe of Gups {chop, +Blink rElec Str+2}
rCold    . . .     Gourm    .   (no shield)
rNeg     . . .     Faith    .   y - +0 plate armour
rPois    .         Spirit   +   (helmet unavailable)
rElec    +         Reflect  .   N - +2 cloak
rCorr    .         Harm     .   n - +1 pair of gloves
MR       +....     Clarity  +   (no boots)
Stlth    ..........             F - amulet of guardian spirit (curse)
Regen    0.3/turn               I - +3 ring of protection
MPRegen  0.2/turn               r - +4 ring of evasion

@: lethally poisoned (-1 -> -5), protected from physical damage, repel missiles
A: retaliatory headbutt, horns 3, thin skeletal structure 1, clarity, clumsy 1,
magic resistance 1
a: Upheaval, Elemental Force, Disaster Area, Renounce Religion, Evoke Blink


You were on level 10 of the Dungeon.
You worshipped Qazlal.
Qazlal was extremely pleased with you.
You were hungry.

You visited 1 branch of the dungeon, and saw 10 of its levels.
You also visited: Ossuary.

You collected 474 gold pieces.
You spent 280 gold pieces at shops.

Inventory:

Hand Weapons
 e - the +12 war axe of Gups (weapon) {chop, +Blink rElec Str+2}
   (You found it on level 7 of the Dungeon)

   It inflicts extra damage upon your enemies.
   It affects your strength (+2).
   It insulates you from electricity.
   It lets you blink.
 C - a +5 war axe
Armour
 n - a +1 pair of gloves (worn)
 y - a +0 plate armour (worn)
 N - a +2 cloak (worn)
Jewellery
 q - an uncursed ring of resist corrosion
 r - a +4 ring of evasion (right hand)
 F - a cursed amulet of guardian spirit (around neck)
 I - a +3 ring of protection (left hand)
 K - an uncursed ring of poison resistance
Wands
 k - a wand of iceblast (4/15)
 t - a wand of lightning (5/15)
 D - a wand of acid (4/15)
 L - a wand of lightning (7/15)
Scrolls
 b - 4 scrolls of remove curse
 g - a scroll of summoning {unknown}
 l - a scroll of magic mapping
 m - 2 scrolls of teleportation
 u - a scroll of fog
 w - 2 scrolls of fear
 A - a scroll of enchant armour
 G - a scroll of holy word {unknown}
 M - a scroll of identify
Potions
 a - 5 potions of curing
 d - a potion of invisibility
 f - 4 potions of heal wounds
 h - a potion of cancellation
 i - 3 potions of haste
 o - 3 potions of lignification {unknown}
 v - 2 potions of berserk rage
 x - 3 potions of flight
 B - 2 potions of agility
 E - a potion of experience {unknown}
 H - 2 potions of ambrosia {unknown}
 J - a potion of might
Comestibles
 c - 4 bread rations
 p - 10 fruits
 s - 6 royal jellies
 z - 5 meat rations


   Skills:
 + Level 5.0 Fighting
 - Level 16.0 Axes
   Level 2.5(11.0) Maces & Flails
 + Level 5.3 Armour
 - Level 2.1 Dodging
 - Level 1.5 Stealth
 - Level 1.3 Spellcasting
 - Level 2.9 Summonings
 * Level 3.0 Invocations


You had 10 spell levels left.
You knew the following spells:

 Your Spells              Type           Power        Failure   Level  Hunger
a - Summon Small Mammal   Summ           #...         94%         1    ##.....


Dungeon Overview and Level Annotations

Branches:
Dungeon (10/15)            Temple (0/1) D:5            Lair (0/6) D:10
    Orc (0/2) D:9

Altars:
Cheibriados
Gozag
Nemelex Xobeh
Qazlal
Ru
Sif Muna
Vehumet
The Shining One

Shops:
D:8 =

Annotations:
D:10 Josephine


Innate Abilities, Weirdness & Mutations

You reflexively headbutt those who attack you in melee.
You have a pair of large horns on your head.
You have a somewhat thin skeletal structure. (Dex +2, Stealth)
You possess an exceptional clarity of mind.
You are clumsy. (Dex -2)
You are resistant to hostile enchantments. (MR+)


Message History

* * * LOW HITPOINT WARNING * * *
You feel more protected from physical attacks.
Unknown command.
You are feeling hungry.
You hear a bellow!
You block the worker ant's attack.
Things that are here:
a shortbow; 26 arrows Unknown command.
The worker ant bites you.
* * * LOW HITPOINT WARNING * * *
You are poisoned.
The worker ant poisons you!
There is a stone staircase leading up, spattered with blood here.
Unknown command.
You feel sick. You block the worker ant's attack.
The two-headed ogre hits you with a giant spiked club.
* * * LOW HITPOINT WARNING * * *
The two-headed ogre hits you with a giant spiked club!
You die...

########$.....
#........%YY..
#........≈≈.§..
#.......§§§§≈≈.
#......§§§§.≈≈.
#......§≈≈h§≈≈§
#....Wa§§≈§h.≈≈
######O@§≈§§§§≈
#.@....≈≈§.
#..........
#§†.†...#..
#.......#
#..!.......
#........#.
#.....#....
.....##....
....... ...


You could see Josephine, a two-headed ogre, a wraith, 2 hell hounds and a worker
ant.

Vanquished Creatures
  The ghost of armaa the Cleaver, a journeyman FoFi of Qazlal (D:9)
  Pikel (D:4)
  Maurice (D:9)
  The ghost of no0bjke the Skirmisher, an amateur GrFi (D:3)
  Grinder (D:3)
  A vampire (D:9)
  2 wraiths (D:10)
  4 vampire mosquitoes (D:8)
  An orc warrior (D:9)
  A sky beast (D:9)
  3 ice beasts
  The ghost of Paps the Shield-Bearer, an amateur MiFi (D:4)
  A phantom (D:5)
  3 centaurs
  3 ogres
  2 big kobolds
  An elf zombie (Ossuary)
  3 bullfrogs
  A wyvern zombie (D:10)
  A water moccasin skeleton (D:7)
  4 scorpions
  4 wights (D:8)
  3 howler monkeys (D:9)
  2 electric eels (D:6)
  A jelly (D:4)
  6 crimson imps
  3 centaur zombies (Ossuary)
  A hound (D:5)
  A quasit (D:10)
  3 orc priests
  2 bullfrog skeletons
  7 orc wizards
  A bullfrog zombie (D:6)
  Crazy Yiuf (D:5)
  Jessica (D:3)
  Terence (D:3)
  3 iguanas
  5 worker ants
  A killer bee zombie (D:8)
  2 big kobold zombies (Ossuary)
  3 hound skeletons
  3 mummies (Ossuary)
  A worker ant zombie (D:8)
  12 adders
  2 howler monkey skeletons (D:6)
  3 oozes
  7 adder zombies (Ossuary)
  An adder skeleton (D:8)
  5 worms
  3 dart slugs
  7 leopard geckos
  23 orcs
  A ball python (D:6)
  2 giant cockroaches
  3 goblins
  8 hobgoblins
  7 jackals
  3 quokkas
  9 bats
  6 frilled lizards
  2 gnoll zombies (Ossuary)
  5 goblin zombies (Ossuary)
  4 hobgoblin zombies (Ossuary)
  4 jackal zombies (Ossuary)
  15 kobolds
  A kobold zombie (Ossuary)
  An orc zombie (Ossuary)
  3 quokka skeletons
  A quokka zombie (Ossuary)
  6 rats
  5 rat zombies (Ossuary)
241 creatures vanquished.

Vanquished Creatures (others)
  An adder (D:4)
  A dart slug (D:4)
  A plant (D:5)
3 creatures vanquished.

Grand Total: 244 creatures vanquished

Notes
Turn   | Place    | Note
-------+----------+-------------------------------------------
     0 | D:1      | MDvedh the Minotaur Summoner began the quest for the Orb.
     0 | D:1      | Reached XP level 1. HP: 14/14 MP: 1/1
   111 | D:1      | Reached skill level 1 in Armour
   116 | D:1      | Reached skill level 1 in Fighting
   401 | D:1      | Reached XP level 2. HP: 19/23 MP: 3/3
   516 | D:1      | Reached skill level 1 in Maces & Flails
   823 | D:1      | Reached XP level 3. HP: 27/28 MP: 4/4
  1122 | D:2      | Found a faded altar of an unknown god.
  1649 | D:2      | Became a worshipper of Qazlal Stormbringer
  1649 | D:2      | Reached * piety under Qazlal
  1740 | D:2      | Found a glowing golden altar of the Shining One.
  1795 | D:2      | Reached XP level 4. HP: 36/36 MP: 5/5
  2151 | D:2      | Found a deep blue altar of Sif Muna.
  2170 | D:3      | Noticed no0bjke's ghost (amateur GrFi)
  2270 | D:3      | Killed no0bjke's ghost
  2270 | D:3      | Reached skill level 3 in Axes
  2270 | D:3      | Reached XP level 5. HP: 35/45 MP: 6/6
  2270 | D:3      | Reached XP level 6. HP: 40/51 MP: 7/7
  2343 | D:3      | Noticed Jessica
  2347 | D:3      | Killed Jessica
  2566 | D:3      | Noticed Terence
  2572 | D:3      | Killed Terence
  2642 | D:3      | Noticed Grinder
  2651 | D:3      | Paralysed by Grinder for 2 turns
  2658 | D:3      | Killed Grinder
  2658 | D:3      | Reached skill level 4 in Axes
  2658 | D:3      | Reached XP level 7. HP: 34/59 MP: 8/8
  2998 | D:3      | Reached skill level 5 in Axes
  3336 | D:4      | Noticed Pikel
  3353 | D:4      | Killed Pikel
  3353 | D:4      | Reached skill level 8 in Axes
  3353 | D:4      | Reached XP level 8. HP: 31/66 MP: 9/9
  3667 | D:4      | Reached skill level 9 in Axes
  3846 | D:4      | Noticed Paps's ghost (amateur MiFi)
  3859 | D:4      | Killed Paps's ghost
  4047 | D:4      | Found a sparkling altar of Nemelex Xobeh.
  4138 | D:5      | Entered Level 5 of the Dungeon
  4176 | D:5      | Found a staircase to the Ecumenical Temple.
  4234 | D:5      | Reached ** piety under Qazlal
  4290 | D:5      | Reached skill level 10 in Axes
  4368 | D:5      | Gained mutation: You are dopey. (Int -2) [potion of mutation]
  4368 | D:5      | Gained mutation: You are somewhat resistant to further mutation. [potion of mutation]
  4865 | D:5      | Found a runed door.
  4909 | D:5      | Noticed Crazy Yiuf
  4915 | D:5      | Killed Crazy Yiuf
  4915 | D:5      | Reached skill level 11 in Axes
  4955 | D:6      | Found a radiant altar of Vehumet.
  5051 | D:6      | Reached XP level 9. HP: 64/71 MP: 10/10
  5163 | D:6      | Reached skill level 12 in Axes
  5208 | D:6      | Lost mutation: You are somewhat resistant to further mutation. [potion of mutation]
  5208 | D:6      | Lost mutation: You are dopey. (Int -2) [potion of mutation]
  5208 | D:6      | Gained mutation: Armour fits poorly on your strangely shaped body. [potion of mutation]
  5208 | D:6      | Gained mutation: You are partially covered in icy blue scales. (AC +2) [potion of mutation]
  5209 | D:6      | Lost mutation: Armour fits poorly on your strangely shaped body. [potion of mutation]
  5209 | D:6      | Lost mutation: You are partially covered in icy blue scales. (AC +2) [potion of mutation]
  5209 | D:6      | Gained mutation: You possess an exceptional clarity of mind. [potion of mutation]
  5209 | D:6      | Gained mutation: You have a somewhat thin skeletal structure. (Dex +2, Stealth) [potion of mutation]
  5701 | D:6      | Found an opulent altar of Gozag.
  5944 | D:7      | Got an ancient war axe
  5945 | D:7      | Identified the +12 war axe of Gups {chop, +Blink rElec Str+2} (You found it on level 7 of the Dungeon)
  6364 | D:7      | Found a sand-covered staircase.
  6398 | D:7      | Found a sacrificial altar of Ru.
  6421 | Ossuary  | Entered an ossuary
  6436 | Ossuary  | Reached *** piety under Qazlal
  6806 | D:7      | Reached skill level 13 in Axes
  7005 | D:7      | Reached **** piety under Qazlal
  7233 | D:8      | Found a snail-covered altar of Cheibriados.
  7399 | D:8      | Reached skill level 14 in Axes
  7444 | D:8      | Found Cuz Punk's Jewellery Shoppe.
  7452 | D:8      | Reached XP level 10. HP: 66/79 MP: 9/11
  7457 | D:8      | Bought an uncursed ring of poison resistance for 280 gold pieces
  8110 | D:9      | Noticed Maurice
  8118 | D:9      | Killed Maurice
  8118 | D:9      | Reached skill level 15 in Axes
  8135 | D:9      | Gained mutation: You are clumsy. (Dex -2) [mutagenic meat]
  8136 | D:9      | Gained mutation: You are resistant to hostile enchantments. (MR+) [mutagenic meat]
  8137 | D:9      | Gained mutation: You have a pair of large horns on your head. [mutagenic meat]
  8239 | D:9      | Reached ***** piety under Qazlal
  8478 | D:9      | Noticed armaa's ghost (journeyman FoFi)
  8497 | D:9      | Killed armaa's ghost
  8497 | D:9      | Reached skill level 16 in Axes
  8625 | D:9      | Reached skill level 1 in Invocations
  8677 | D:9      | Found a staircase to the Orcish Mines.
  8901 | D:10     | Entered Level 10 of the Dungeon
  8901 | D:10     | Found a staircase to the Lair.
  8902 | D:10     | Reached skill level 5 in Armour
  8905 | D:10     | Noticed Josephine
  8915 | D:10     | Reached skill level 5 in Fighting
  8917 | D:10     | Noticed a two-headed ogre
  8932 | D:10     | Slain by a two-headed ogre

Skill      XL: |  1  2  3  4  5  6  7  8  9 10 |
---------------+-------------------------------+-----
Armour         | 1 2 3 4 5 |  5.3
Fighting       | 1 2 3 4 5 |  5.0
Maces & Flails | 1 2 |  2.5
Axes           | 3 4 8 11 14 16 | 16.0
Invocations    | 3 |  3.0
Dodging        | |  2.1
Stealth        | |  1.5
Spellcasting   | |  1.3
Summonings     | |  2.9

Action                   |  1- 3 |  4- 6 |  7- 9 | 10-12 || total
-------------------------+-------+-------+-------+-------++-------
Melee: Unarmed           |    14 |       |       |       ||    14
       Club              |   105 |    30 |       |       ||   135
       Headbutt          |    19 |    11 |    33 |    10 ||    73
       War axe           |       |    30 |   298 |    95 ||   423
  Use: Potion            |     1 |       |     3 |       ||     4
       Scroll            |       |     5 |    12 |       ||    17
 Stab: Distracted        |     1 |       |       |       ||     1
  Eat: Chunk             |     2 |     3 |     7 |     4 ||    16
       Bread ration      |       |       |     2 |     1 ||     3
Armor: Robe              |     2 |       |       |       ||     2
       Ring mail         |    67 |     1 |       |       ||    68
       Chain mail        |       |    24 |    88 |    10 ||   122
       Plate armour      |       |       |       |    11 ||    11
Dodge: Dodged            |   107 |    16 |    97 |    37 ||   257
       Deflected         |       |       |       |    10 ||    10
Block: Other             |       |     4 |    28 |    23 ||    55
